 Dungeon Crawl Stone Soup version 0.29.1-15-g9cfb28693d (webtiles) character file.

Game seed: 6608421043791495041

333 Heoruswealwe the Magician (level 6, -7/32 HPs)
             Began as a Deep Elf Earth Elementalist on Apr 6, 2023.
             Mangled by Edmund
             ... wielding a +2 flail of protection
              (13 damage)
             ... on level 4 of the Dungeon.
             The game lasted 00:25:10 (2587 turns).

Heoruswealwe the Magician (DEEE)                    Turns: 2587, Time: 00:25:12

Health: -7/32      AC:  4    Str:  5    XL:     6   Next: 27%
Magic:  11/17      EV: 12    Int: 28    God:
Gold:   120        SH:  0    Dex: 15    Spells: 8/18 levels left

rFire   . . .      SeeInvis .   (no weapon)
rCold   . . .      Faith    .   (no shield)
rNeg    + . .      Spirit   .   a - +0 robe
rPois   .          Reflect  .   (no helmet)
rElec   .          Harm     .   C - +0 cloak {Stlth+}
rCorr   .          Rampage  .   (no gloves)
Will    .....                   r - +0 pair of boots
Stlth   +++.......              j - amulet of regeneration
HPRegen 0.90/turn               s - +6 ring of intelligence
MPRegen 0.15/turn               t - ring of positive energy

@: no status effects
A: no striking features
a: no special abilities


You were on level 4 of the Dungeon.
You visited 2 branches of the dungeon, and saw 5 of its levels.

You collected 120 gold pieces.

Inventory:

Armour
 a - a +0 robe (worn)
 l - a +0 robe
 r - a +0 pair of boots (worn)
 y - a +0 robe
 B - a +0 robe
 C - a +0 cloak of stealth (worn)
Jewellery
 j - an amulet of regeneration (around neck)
 s - a +6 ring of intelligence (left hand)
 t - a ring of positive energy (right hand)
 u - a +6 ring of dexterity
Wands
 w - a wand of charming (4)
Scrolls
 c - a scroll of amnesia {unknown}
 g - 2 scrolls of blinking {unknown}
 h - a scroll of poison {unknown}
 i - a scroll of torment {unknown}
 m - a scroll of teleportation {unknown}
 o - 3 scrolls of identify {unknown}
 p - a scroll of vulnerability {unknown}
 q - a scroll of magic mapping {unknown}
 v - a scroll of noise {unknown}
Potions
 b - a potion of magic
 d - a potion of degeneration {unknown}
 e - a potion of curing {unknown}
 f - a potion of attraction {unknown}
 k - 2 potions of cancellation {unknown}
 n - 2 potions of ambrosia {unknown}
 x - 2 potions of heal wounds {unknown}
 z - 2 potions of flight {unknown}
 A - a potion of invisibility {unknown}


   Skills:
 - Level 2.4 Dodging
 - Level 2.4 Stealth
 + Level 6.6 Spellcasting
 - Level 1.1 Transmutations
 + Level 6.0 Earth Magic


You had 8 spell levels left.
You knew the following spells:

 Your Spells              Type           Power      Damage    Failure   Level
a - Sandblast             Erth           84%        2d18      1%          1
b - Stone Arrow           Conj/Erth      52%        3d10      4%          3
c - Petrify               Tmut/Erth      29%        N/A       13%         4
z - Passwall              Tmut/Erth      24%        N/A       1%          2

Your spell library contained the following spells:

 Spells                   Type           Power      Damage    Failure   Level
 Blink                    Tloc           18%        N/A       9%          2
 Scorch                   Fire           18%        2d6       9%          2
 Lesser Beckoning         Tloc           9%         N/A       17%         3
 Corpse Rot               Necr/Pois/Air  9%         N/A       50%         4
 Dispel Undead            Necr           9%         3d8       50%         4
 Flame Wave               Conj/Fire      9%         2d6       50%         4
 Manifold Assault         Tloc           9%         N/A       85%         5
 Death Channel            Necr           4%         N/A       100%        6
 Summon Cactus Giant      Summ           4%         N/A       100%        6


Dungeon Overview and Level Annotations

Branches:
Dungeon (4/15)             Temple (1/1) D:4

Altars:
Dithmenos
Fedhas
Gozag
Kikubaaqudgha
Makhleb
Nemelex Xobeh
Okawaru
Qazlal
Trog
Uskayaw
Wu Jian
Xom
Yredelemnul
Zin
The Shining One

Shops:
D:1 (

Annotations:
D:4 Edmund


Message History

a scorpion corpse; a jackal corpse; a jackal corpse
Found a flail.
Edmund the Younger comes into view.
He is wielding a +2 flail of protection.
Found a scroll labelled QESCHU VOECHU.
You can't see any susceptible monsters within range! (Use Z to cast anyway.)
You can't see any susceptible monsters within range! (Use Z to cast anyway.)
The blast of sand hits Edmund but does no damage.
Edmund says, "People think my brother is the best.
I think he's crazy."
The blast of sand hits Edmund!
Edmund is moderately wounded.
The blast of sand hits Edmund but does no damage.
Edmund is moderately wounded.
Edmund hits you with a +2 flail of protection!
Edmund closely misses you.
The blast of sand hits Edmund but does no damage.
Edmund is moderately wounded.
Edmund hits you with a +2 flail of protection.
The blast of sand hits Edmund.
Edmund is moderately wounded.
Edmund hits you with a +2 flail of protection.
Edmund hits you with a +2 flail of protection!
* * * LOW HITPOINT WARNING * * *
Casting: Sandblast (safe; 1% risk of failure)
Confirm with . or Enter, or press ? or * to list all spells.
Aiming: Sandblast (safe; 1% risk of failure)
Press: ? - help, Shift-Dir - straight line, f/p - Edmund
Aim: Edmund, wielding a +2 flail of protection and wearing a +0 scale mail (moderately wounded, 87% to hit)
The blast of sand hits Edmund.
Edmund is moderately wounded.
Edmund hits you with a +2 flail of protection.
* * * LOW HITPOINT WARNING * * *
Casting: Sandblast (safe; 1% risk of failure)
Confirm with . or Enter, or press ? or * to list all spells.
Aiming: Sandblast (safe; 1% risk of failure)
Press: ? - help, Shift-Dir - straight line, f/p - Edmund
Aim: Edmund, wielding a +2 flail of protection and wearing a +0 scale mail (moderately wounded, 87% to hit)
The blast of sand hits Edmund!
Edmund is severely wounded.
Edmund hits you with a +2 flail of protection!
You die...

.# #.. .# .. ...# .# .#
###..## . ##.# ..#...# .
#.. .....# ## ##.#
#....#### .### #..#
....... ...####.## #@..#
##.#....# #@..#
##...###########...###
...................).#
..##############...#....
..# ##### ##? ..# ..#
..# ..#


You could see Edmund.

Vanquished Creatures
  A scorpion (D:4)
  Crazy Yiuf (D:4)
  A hound (D:4)
  2 orc wizards (D:4)
  8 adders
  A gnoll (D:1)
  2 worms (D:3)
  2 dart slugs
  9 orcs
  4 endoplasms
  2 giant cockroaches (D:3)
  2 goblins
  7 hobgoblins
  5 jackals
  6 quokkas
  3 ball pythons
  3 bats
  A frilled lizard (D:2)
  11 kobolds
  3 rats
74 creatures vanquished.

Vanquished Creatures (others)
  7 fungi
  2 plants (D:1)
9 creatures vanquished.

Grand Total: 83 creatures vanquished

Notes
Turn   | Place    | Note
-------+----------+-------------------------------------------
     0 | D:1      | Heoruswealwe the Deep Elf Earth Elementalist began the
                  | quest for the Orb.
     0 | D:1      | Reached XP level 1. HP: 10/10 MP: 6/6
    72 | D:1      | Found Idaestr Luram's Weapon Shop.
   331 | D:1      | Reached XP level 2. HP: 15/15 MP: 4/8
   334 | D:1      | Learned a level 2 spell: Passwall
   417 | D:1      | Found a faded altar of an unknown god.
   497 | D:1      | Prayed at the altar of an unknown god.
   497 | D:1      | Became a worshipper of Nemelex Xobeh the Trickster
   497 | D:1      | Reached * piety under Nemelex Xobeh
   497 | D:1      | Received a gift from Nemelex Xobeh
   498 | D:1      | Fell from the grace of Nemelex Xobeh
   581 | D:2      | Reached XP level 3. HP: 19/19 MP: 8/10
   585 | D:2      | Learned a level 3 spell: Stone Arrow
  1236 | D:3      | Reached XP level 4. HP: 24/24 MP: 4/12
  1241 | D:3      | Learned a level 4 spell: Petrify
  1585 | D:3      | Found a shadowy altar of Dithmenos.
  1628 | D:3      | Found a blossoming altar of Fedhas.
  1693 | D:3      | Reached skill level 5 in Spellcasting
  2095 | D:4      | Reached skill level 5 in Earth Magic
  2095 | D:4      | Reached XP level 5. HP: 22/28 MP: 8/14
  2102 | D:4      | Found a staircase to the Ecumenical Temple.
  2134 | Temple   | Entered the Ecumenical Temple
  2417 | D:4      | Found a runed translucent door.
  2418 | D:4      | Noticed Crazy Yiuf
  2426 | D:4      | Killed Crazy Yiuf
  2427 | D:4      | Reached XP level 6. HP: 32/32 MP: 12/17
  2577 | D:4      | Noticed Edmund
  2587 | D:4      | Mangled by Edmund

Illustrated notes

Levels and vault maps discovered:
D:1:      scummos_arrival_hexagon, layout_rooms, serial_shops,
          nicolae_shop_advertising_works [nicolae_subvault_shop_adworks],
          shapermc_ecumenical_altar_ellora
D:2:      layout_loops_ring, feat_on_display
D:3:      layout_basic, mainiacjoe_overflow_tiny_flanked, lemuel_tele_altar
D:4:      layout_rooms, minmay_temple_entry_slanted, uniq_edmund,
          uniq_crazy_yiuf_cottage, uniq_duvessa, uniq_ijyb
Temple:   dshaligram_water_room_temple

Skill      XL: |  1  2  3  4  5  6 |
---------------+-------------------+-----
Spellcasting   | 4 5 6 |  6.6
Earth Magic    | 4 5 6 |  6.0
Dodging        | |  2.4
Stealth        | |  2.4
Transmutations | |  1.1

Action                   |  1- 3 |  4- 6 || total
-------------------------+-------+-------++-------
Melee: Unarmed           |    26 |    20 ||    46
 Cast: Sandblast         |    47 |    69 ||   116
       Passwall          |     1 |       ||     1
Invok: Renounce Religion |     1 |       ||     1
Armor: Robe              |     2 |     4 ||     6
Dodge: Dodged            |    16 |    21 ||    37
